 Dungeon Crawl Stone Soup version 0.21.0-3-g78d12a8 (webtiles) character file.

2344 Kurtz the Spear-Bearer (level 9, -4/56 HPs)
             Began as an Octopode Abyssal Knight on Jan 18, 2018.
             Was a Priest of Lugonu.
             Slain by an orc warrior
             ... wielding a +0 short sword
              (6 damage)
             ... on level 7 of the Dungeon.
             The game lasted 00:16:01 (11078 turns).

Kurtz the Spear-Bearer (Octopode Abyssal Knight)   Turns: 11078, Time: 00:16:02

Health: -4/56      AC:  1    Str: 13    XL:     9   Next: 43%
Magic:  11/11      EV: 15    Int: 19    God:    Lugonu [***...]
Gold:   363        SH:  0    Dex: 11    Spells: 8/8 levels left

rFire    . . .     SeeInvis .   s - +0 trident
rCold    . . .     Gourm    .   (no shield)
rNeg     . . .     Faith    .   (helmet restricted)
rPois    +         Spirit   .   (no amulet)
rElec    .         Reflect  .   l - ring of wizardry
rCorr    .         Harm     .   v - ring of protection from magic
MR       +....                  (no ring)
Stlth    ++++......             (no ring)
HPRegen  0.18/turn              (no ring)
MPRegen  0.12/turn              (no ring)
                                (no ring)
                                (no ring)

@: brilliant
A: almost no armour, stealthy swim, amphibious, 8 rings, constrict 8, camouflage
1, poison resistance, weak 1, gelatinous body 1
a: Depart the Abyss, Bend Space, Banish, Renounce Religion


You were on level 7 of the Dungeon.
You worshipped Lugonu.
Lugonu was most pleased with you.
You were near starving.

You visited 1 branch of the dungeon, and saw 7 of its levels.
You visited the Abyss 1 time.

You collected 363 gold pieces.

Inventory:

Hand Weapons
 a - a +1 spear
 p - a +0 blowgun
 s - a +0 trident (weapon)
 u - a +0 halberd
 x - the +4 Vampire's Tooth {vamp}
   (You found it on level 5 of the Dungeon)

   It inflicts no extra harm, but heals its wielder when it wounds a living foe.
 y - a +1 arbalest of freezing
Missiles
 f - 17 tomahawks (quivered)
 q - 26 poisoned needles
 r - 54 bolts
Jewellery
 l - a ring of wizardry (left tentacle)
 v - a ring of protection from magic (right tentacle)
Wands
 o - a wand of digging (17)
 z - a wand of clouds (3)
Scrolls
 c - 4 scrolls of identify
 d - 6 scrolls of remove curse
 g - a scroll of immolation
 i - 3 scrolls of magic mapping
 k - 3 scrolls of teleportation
 m - a scroll of blinking
 n - a scroll of random uselessness {unknown}
 w - a scroll of brand weapon {unknown}
Potions
 e - a potion of agility
 h - a potion of magic
 j - 2 potions of curing
Comestibles
 b - 10 rations


   Skills:
 - Level 3.0 Fighting
 * Level 9.5 Polearms
 * Level 3.4 Crossbows
 * Level 5.7 Dodging
 + Level 5.8 Stealth
 * Level 3.3 Invocations


You had 8 spell levels left.
You didn't know any spells.

Dungeon Overview and Level Annotations

Branches:
Dungeon (7/15)             Temple (0/1) D:6

Altars:
Ashenzari
Dithmenos
Sif Muna
Zin

Annotations:
D:6 clownbabyjr's ghost, novice DsFi


Innate Abilities, Weirdness & Mutations

You cannot wear most types of armour.
You are very stealthy in the water. (Stealth+)
You are amphibious.
You can wear up to eight rings at the same time.
You can use your tentacles to constrict eight enemies at once.
Your skin changes colour to match your surroundings (Stealth+).
Your rubbery body absorbs attacks. (AC +1, EV +1)
Your system is resistant to poisons. (rPois)
You are weak. (Str -2)


Message History

Items here: ) [ †† a dagger; a robe; an orc corpse x2
Okay, then.
Found a robe.
You now have 363 gold pieces (gained 10).
Items here: )) [ † a mace; a flail; a leather armour; an orc corpse
Press: ? - help, Shift-Dir - straight line, f - orc warrior
Aim: an orc warrior, wielding a short sword and wearing a plate armour (chance to defeat MR: 81%)
You fail to use your ability.
Press: ? - help, Shift-Dir - straight line, f/p - orc warrior
Aim: an orc warrior, wielding a short sword and wearing a plate armour (chance to defeat MR: 81%)
You fail to use your ability.
The orc warrior hits you with a short sword!!
* * * LOW HITPOINT WARNING * * *
Press: ? - help, Shift-Dir - straight line, f/p - orc warrior
Aim: an orc warrior, wielding a short sword and wearing a plate armour (chance to defeat MR: 81%)
You fail to use your ability.
The orc warrior hits you with a short sword.
You die...

.# [# .# .. .#
...# .####..
.....###.......
...............
..# .. #@##
..#.### o. ##o##
#....o .. ##o# #
#.#.Y #(
##)####.#
##.#.###
#..#...####(.....
#..#........(.###


You could see an orc warrior and an orc.

Vanquished Creatures
  Pikel (D:3)
  A water moccasin (D:7)
  An orc warrior (D:6)
  An ice beast (D:6)
  A phantom (D:6)
  2 slaves (D:3)
  2 bullfrogs (D:7)
  Blork the orc (D:4)
  A scorpion (D:4)
  5 killer bees (D:7)
  2 vampire bats (D:5)
  A bullfrog zombie (D:6)
  A centaur zombie (D:7)
  4 crimson imps
  A jelly (D:7)
  A hound (D:5)
  3 orc priests
  4 orc wizards
  A centaur skeleton (D:5)
  An iron imp (Abyss:1)
  2 iguanas
  Natasha (thrice) (D:2)
  3 worker ants
  A hound skeleton (D:7)
  8 gnolls
  6 adders
  2 shadow imps
  An ooze (D:2)
  An adder skeleton (D:6)
  2 worms
  3 leopard geckos
  14 orcs
  6 giant cockroaches
  3 goblins
  2 hobgoblins
  6 jackals (D:6)
  6 kobolds
  2 quokkas
  10 bats
  4 frilled lizards
  2 quokka skeletons
  3 rats
125 creatures vanquished.

Vanquished Creatures (others)
  An ogre (D:4)
1 creature vanquished.

Grand Total: 126 creatures vanquished

Notes
Turn   | Place    | Note
-------+----------+-------------------------------------------
     0 | Abyss:1  | Kurtz the Octopode Abyssal Knight began the quest for the Orb.
     0 | Abyss:1  | Reached XP level 1. HP: 16/16 MP: 2/2
    80 | Abyss:1  | Noticed an iron imp
    84 | Abyss:1  | Noticed a thrashing horror
    84 | Abyss:1  | Noticed an orange demon
   124 | Abyss:1  | Killed an iron imp
   124 | Abyss:1  | Reached skill level 3 in Polearms
   124 | Abyss:1  | Reached XP level 2. HP: 4/21 MP: 3/3
   124 | Abyss:1  | Reached XP level 3. HP: 5/26 MP: 4/4
   126 | D:1      | Escaped the Abyss
  1256 | D:2      | Noticed Natasha
  1262 | D:2      | Killed Natasha
  1262 | D:2      | Reached skill level 4 in Polearms
  1262 | D:2      | Reached XP level 4. HP: 29/31 MP: 5/5
  1352 | D:2      | Noticed Natasha
  1362 | D:2      | Killed Natasha
  1415 | D:2      | Noticed Natasha
  1428 | D:2      | Killed Natasha
  1428 | D:2      | Reached skill level 1 in Stealth
  1428 | D:2      | Reached XP level 5. HP: 3/36 MP: 6/6
  2063 | D:3      | Reached ** piety under Lugonu
  2921 | D:2      | Reached skill level 5 in Polearms
  3057 | D:3      | Reached XP level 6. HP: 37/42 MP: 7/7
  3288 | D:4      | Noticed Pikel
  3288 | D:4      | Noticed a slave
  3288 | D:4      | Noticed a slave
  3288 | D:4      | Noticed a slave
  3288 | D:4      | Noticed a slave
  3851 | D:3      | Killed a slave
  4138 | D:4      | Noticed Blork the orc
  4149 | D:4      | Killed Blork the orc
  4877 | D:3      | Killed a slave
  4915 | D:3      | Killed Pikel
  4915 | D:3      | Reached skill level 7 in Polearms
  4915 | D:3      | Reached XP level 7. HP: 9/46 MP: 5/8
  5487 | D:4      | Reached XP level 8. HP: 41/52 MP: 9/9
  5688 | D:5      | Entered Level 5 of the Dungeon
  5810 | D:5      | Found the +4 Vampire's Tooth {vamp}
  5911 | D:5      | Reached skill level 8 in Polearms
  6467 | D:5      | Found a shadowy altar of Dithmenos.
  6467 | D:5      | Found a deep blue altar of Sif Muna.
  6558 | D:6      | Found a staircase to the Ecumenical Temple.
  7017 | D:6      | Reached skill level 5 in Stealth
  7063 | D:6      | Noticed clownbabyjr's ghost (novice DsFi)
  7119 | D:6      | Found a glowing silver altar of Zin.
  7130 | D:6      | Found a shattered altar of Ashenzari.
  7142 | D:6      | Reached *** piety under Lugonu
  8204 | D:7      | Reached skill level 1 in Crossbows
  8204 | D:7      | Reached skill level 5 in Dodging
  8219 | D:7      | Gained mutation: Your body sometimes deteriorates upon taking damage. [potion of mutation]
  8219 | D:7      | Gained mutation: You can translocate small distances at will. [potion of mutation]
  8219 | D:7      | Gained mutation: Your flesh is heat resistant. (rF+) [potion of mutation]
  8251 | D:7      | Reached skill level 9 in Polearms
  8269 | D:7      | Reached XP level 9. HP: 27/56 MP: 8/10
  9129 | D:6      | Lost mutation: You can translocate small distances at will. [potion of mutation]
  9129 | D:6      | Lost mutation: Your body sometimes deteriorates upon taking damage. [potion of mutation]
  9129 | D:6      | Lost mutation: Your flesh is heat resistant. (rF+) [potion of mutation]
  9129 | D:6      | Gained mutation: You are weak. (Str -2) [potion of mutation]
  9129 | D:6      | Gained mutation: Your system is resistant to poisons. (rPois) [potion of mutation]
 10397 | D:6      | HP: 2/56 [clownbabyjr's ghost (5)]
 11077 | D:7      | HP: 2/56 [orc warrior/short sword (20)]
 11078 | D:7      | Slain by an orc warrior

Skill      XL: |  1  2  3  4  5  6  7  8  9 |
---------------+----------------------------+-----
Polearms       | 3 4 5 7 9 |  9.5
Dodging        | 3 4 5 |  5.7
Stealth        | 1 2 4 5 |  5.8
Crossbows      | 1 3 |  3.4
Invocations    | 3 |  3.3
Fighting       | |  3.0

Action                   |  1- 3 |  4- 6 |  7- 9 || total
-------------------------+-------+-------+-------++-------
Melee: Spear             |    44 |    59 |    32 ||   135
       Tentacles         |     5 |    19 |    30 ||    54
       Constrict         |    11 |    24 |    33 ||    68
       Trident           |       |    16 |    63 ||    79
       Halberd           |       |    51 |    87 ||   138
 Fire: Blowgun           |       |    18 |       ||    18
       Arbalest          |       |       |    69 ||    69
Throw: Tomahawk          |       |     3 |     2 ||     5
Invok: Bend Space        |       |    10 |    20 ||    30
Evoke: Wand              |       |     3 |     7 ||    10
  Use: Potion            |       |     2 |     9 ||    11
       Scroll            |       |       |     9 ||     9
 Stab: Sleeping          |     4 |    11 |    10 ||    25
       Distracted        |       |       |     1 ||     1
  Eat: Chunk             |     1 |    11 |     4 ||    16
       Ration            |       |       |     4 ||     4
Armor: Skin              |     3 |     8 |    50 ||    61
Dodge: Dodged            |    23 |    86 |   118 ||   227
